 Dungeon Crawl Stone Soup version 0.17.1-3-g152610e (webtiles) character file.

55 dearth the Sneak (level 3, 0/16 HPs)
             Began as a Spriggan Enchanter on Feb 26, 2016.
             Succumbed to an adder's poison
             ... on level 2 of the Dungeon.
             The game lasted 00:06:07 (1748 turns).

dearth the Sneak (Spriggan Enchanter)               Turns: 1748, Time: 00:06:07

Health: 0/16       AC:  3    Str:  4    XL:     3   Next: 67%
Magic:  8/8        EV: 19    Int: 17    God:
Gold:   25         SH:  0    Dex: 16    Spells: 1 memorised, 7 levels left

rFire  . . .     SeeInvis +     a - +1 dagger
rCold  . . .     Clarity  .     b - +1 robe
rNeg   . . .     SustAt   .     (shield restricted)
rPois  .         Gourm    .     (helmet restricted)
rElec  .         Spirit   .     (no cloak)
rCorr  +         Warding  .     (gloves unavailable)
rMut   .         Stasis   .     (boots unavailable)
MR     .....                    p - amulet of resist corrosion
Stlth  ++++......               (no ring)
                                l - ring of stealth

@: lethally poisoned (0 -> -11), very quick, not resistant to hostile
enchantments, stealthy
A: unfitting armour, see invisible, herbivore 3, speed 3, slow metabolism 2
a: no special abilities


You were on level 2 of the Dungeon.
You were not hungry.

You visited 1 branch of the dungeon, and saw 2 of its levels.

You collected 25 gold pieces.

Inventory:

Hand Weapons
 a - a +1 dagger (weapon)
 m - a +2 dagger of holy wrath
Missiles
 h - 19 stones (quivered)
Armour
 b - a +1 robe (worn)
Jewellery
 l - a ring of stealth (left hand)
 p - an amulet of resist corrosion (around neck)
Wands
 n - a wand of slowing (35)
 o - a wand of random effects (16)
Scrolls
 f - a scroll of enchant armour {unknown}
 g - 2 scrolls of identify {unknown}
 j - a scroll of enchant weapon {unknown}
 k - a scroll of noise {unknown}
Potions
 e - 2 potions of degeneration {unknown}
 i - 2 potions of curing {unknown}
Books
 c - a book of Maledictions

   Spells                             Type                      Level
   a - Corona                         Hexes                        1
   b - Ensorcelled Hibernation        Hexes/Ice                    2
   c - Confuse                        Hexes                        3
   d - Tukima's Dance                 Hexes                        3
   e - Dazzling Spray                 Conjuration/Hexes            3
Comestibles
 d - 3 bread rations


   Skills:
 + Level 1.9 Short Blades
 + Level 3.6 Dodging
 + Level 5.2 Stealth
 + Level 3.2 Spellcasting
 + Level 4.2 Hexes
 + Level 0.0 Evocations


You had 7 spell levels left.
You knew the following spells:

 Your Spells              Type           Power        Failure   Level  Hunger
a - Corona                Hex            ###....      2%          1    None


Dungeon Overview and Level Annotations

Branches:
Dungeon (2/15)

Altars:
Xom


Innate Abilities, Weirdness & Mutations

You are tiny and cannot use many weapons and most armour.
You have supernaturally acute eyesight.
You are a herbivore.
You cover ground extremely quickly.
You need consume almost no food.


Message History

The adder is almost dead.
The adder bites you.
You are poisoned.
The adder poisons you! The adder bites you.
You closely miss the adder.
The adder is almost dead.
You feel sick. The adder misses you.
You miss the adder.
The adder is almost dead.
The adder bites you.
* * * LOW HITPOINT WARNING * * *
You are more poisoned.
The adder poisons you!
You closely miss the adder.
The adder is almost dead.
* * * LOW HITPOINT WARNING * * *
You feel sick. The adder bites you but does no damage.
You hit the adder.
You kill the adder!
You die...

... ############ ..
##.....(....##.# #
##............#.###.###.
#.................#.##..
#.........!...[<.......##
#........................
#......(....†.†..........
#.......@..†.............
##.......<...............
##..........#.....#.....
##########.............
#......##.....
#.).....#####.#
#.......... ....
............#.###
##......).....


There were no monsters in sight!

Vanquished Creatures
  An adder (D:2)
  A worm (D:2)
  2 giant geckos (D:1)
  2 ball pythons
  5 bats
  2 giant cockroaches
  5 goblins (D:1)
  5 hobgoblins
  6 jackals
  2 giant newts
  3 kobolds
  4 rats
38 creatures vanquished.

Notes
Turn   | Place    | Note
--------------------------------------------------------------
     0 | D:1      | dearth the Spriggan Enchanter began the quest for the Orb.
     0 | D:1      | Reached XP level 1. HP: 9/9 MP: 5/5
   424 | D:1      | Reached XP level 2. HP: 11/13 MP: 6/6
  1153 | D:1      | Reached XP level 3. HP: 16/16 MP: 8/8
  1608 | D:2      | Found a shimmering altar of Xom.
  1622 | D:2      | Reached skill level 5 in Stealth
  1748 | D:2      | Succumbed to an adder's poison

Action                   || total
-------------------------++-------
Melee: Dagger            ||   155
 Stab: Sleeping          ||    11
